Map: Oxide LE

Players

Geralt (Gerald) - Winner!

  • Race: Protoss Protoss
  • League: Grandmaster

BratOK (Brat_OK)

  • Race: Terran Terran
  • League: Grandmaster

Event: DreamHack SC2 Masters 2021 Summer

VOD

Have the link to the VOD?

Description

Time

  • Played on: May 30, 2021, 12:25 p.m.
  • Length: 11:08

All games in this series

Show
View Real Time Build Order
Export as new Build Order

Geralt Protoss - Winner!

Build Orders: 1 Gate Expand, Blink Stalkers, Colossus Rush 

Get SALT Encoding   

  12  0:00  Probe  
  13  0:12  Probe  
  14  0:17  Pylon  
  14  0:24  Probe (Chrono Boost)  
  16  0:36  Gateway  
  16  0:37  Probe (Chrono Boost)  
  16  0:42  Probe (Chrono Boost)  
  16  0:46  Assimilator  
  17  0:51  Probe  
  18  1:03  Probe  
  19  1:15  Probe  
  20  1:23  Cybernetics Core  
  20  1:27  Probe  
  21  1:36  Nexus  
  21  1:43  Pylon  
  21  1:45  Probe  
  22  1:50  Assimilator  
  21  1:58  Adept (Chrono Boost)  
  21  1:59  Probe  
  22  2:02  Warp Gate  
  24  2:11  Probe  
  25  2:19  Stalker (Chrono Boost)  
  27  2:24  Probe  
  28  2:36  Probe  
  29  2:37  Twilight Council  
  29  2:48  Probe  
  30  2:53  Sentry  
  32  3:08  Probe (Chrono Boost)  
  32  3:11  Probe (Chrono Boost)  
  34  3:15  Robotics Facility  
  34  3:17  Gateway  
  35  3:20  Probe (Chrono Boost)  
  35  3:24  Probe (Chrono Boost)  
  35  3:25  Probe (Chrono Boost)  
  37  3:28  Pylon  
  37  3:32  Probe  
  38  3:34  Probe  
  38  3:36  Blink (Chrono Boost)  
  39  3:46  Probe  
  40  3:53  Stalker  
  40  3:54  Probe  
  43  3:56  Nexus  
  43  3:58  Probe  
  44  4:06  Probe  
  44  4:08  Observer  
  46  4:10  Probe  
  46  4:12  Assimilator  
  46  4:15  Assimilator  
  47  4:17  Stalker  
  47  4:18  Probe  
  47  4:23  Probe  
  47  4:24  Stalker  
  53  4:32  Gateway  
  53  4:33  Probe  
  53  4:36  Probe  
  54  4:41  Pylon  
  54  4:44  Forge  
  54  4:47  Robotics Bay  
  54  4:58  Observer  
  54  4:59  Probe x2  
  56  5:01  Stalker x2  
  56  5:06  Observer (Chrono Boost)  
  61  5:11  Probe x2, Pylon  
  63  5:15  Probe  
  63  5:21  Pylon  
  64  5:23  Probe x2  
  64  5:26  Stalker x2  
  72  5:30  Protoss Ground Weapons Level 1  
  72  5:35  Probe x2  
  74  5:37  Colossus (Chrono Boost)  
  74  5:38  Probe  
  79  5:43  Shield Battery  
  79  5:47  Probe x2  
  81  5:50  Probe (Chrono Boost)  
  81  5:53  Stalker  
  81  5:55  Stalker  
  86  6:00  Probe x2 (Chrono Boost)  
  88  6:11  Probe x3 (Chrono Boost), Charge (Chrono Boost)  
  88  6:16  Gateway  
  88  6:17  Gateway  
  88  6:18  Extended Thermal Lance (Chrono Boost)  
  91  6:20  Probe  
  91  6:27  Probe  
  91  6:31  Gateway, Pylon  
  91  6:32  Gateway  
  92  6:35  Shield Battery  
  92  6:43  Assimilator  
  92  6:47  Assimilator  
  92  6:49  Colossus  
  92  6:54  Probe, Zealot  
  99  7:00  Pylon  
  101  7:02  Probe  
  101  7:07  Stalker  
  94  7:12  Probe  
  94  7:13  Probe  
  94  7:14  Stalker x2  
  100  7:16  Probe  
  100  7:18  Pylon  
  100  7:19  Pylon  
  101  7:24  Zealot  
  101  7:29  Gateway  
  101  7:30  Gateway, Zealot x3  
  101  7:32  Gateway  
  101  7:33  Shield Battery  
  101  7:34  Gateway  
  101  7:35  Photon Cannon  
  101  7:36  Pylon  
  107  7:41  Colossus (Chrono Boost), Stalker x2  
  110  7:48  Zealot  
  110  7:50  Probe  
  119  7:52  Probe  
  119  7:53  Pylon  
  119  7:55  Templar Archives  
  120  7:59  Zealot  
  122  8:05  Zealot  
  122  8:06  Zealot x2  
  122  8:08  Protoss Ground Weapons Level 2 (Chrono Boost)  
  122  8:09  Zealot x2  
  132  8:15  Pylon  
  132  8:20  Pylon  
  132  8:32  Probe  
  132  8:39  Warp Prism (Chrono Boost)  
  132  8:40  High Templar x4  
  132  8:41  High Templar  
  144  8:42  High Templar, Zealot  
  144  8:47  Nexus  
  148  8:50  Pylon  
  148  8:52  Archon  
  148  8:53  Archon x2  
  148  8:57  Pylon  
  148  8:58  Probe  
  149  9:03  Zealot x4  
  149  9:04  Photon Cannon  
  149  9:07  Psionic Storm  
  149  9:09  Observer (Chrono Boost)  
  158  9:18  High Templar x2  
  158  9:19  Zealot  
  158  9:20  Zealot x2  
  168  9:35  Disruptor (Chrono Boost)  
  147  9:55  Zealot x7  
  147  9:56  Zealot x3  
  147  9:58  Probe (Chrono Boost)  
  167  10:04  Probe x2 (Chrono Boost)  
  167  10:06  Disruptor (Chrono Boost)  
  172  10:07  Probe x2 (Chrono Boost)  
  172  10:11  Probe x2 (Chrono Boost)  
  166  10:26  Zealot x3, Stalker x5  
  166  10:27  Zealot  
  154  10:46  Archon  
  154  10:49  Probe  
Show
View Real Time Build Order
Export as new Build Order

BratOK Terran 

Build Orders:  

Get SALT Encoding   

  12  0:00  SCV  
  13  0:12  SCV  
  14  0:17  Supply Depot  
  14  0:24  SCV  
  15  0:38  SCV  
  15  0:39  Barracks  
  16  0:43  Refinery  
  16  0:50  SCV  
  17  1:03  SCV  
  18  1:15  SCV  
  19  1:26  Marine  
  19  1:27  Orbital Command  
  20  1:44  Command Center  
  20  1:53  SCV  
  21  1:58  Factory  
  21  2:03  Barracks Reactor  
  21  2:05  SCV  
  22  2:10  Supply Depot  
  22  2:17  Bunker  
  22  2:21  SCV  
  23  2:33  SCV  
  23  2:36  Refinery  
  24  2:39  Marine x2  
  24  2:43  Starport  
  26  2:47  Hellion  
  29  2:51  SCV  
  29  2:57  Orbital Command  
  29  3:01  Marine  
  30  3:09  Hellion  
  32  3:13  SCV  
  32  3:18  Marine  
  32  3:19  Marine  
  35  3:23  Medivac  
  38  3:33  Supply Depot  
  38  3:38  Hellion  
  39  3:42  SCV  
  39  3:43  SCV  
  39  3:45  Marine x2  
  43  3:54  SCV  
  44  3:55  Starport Tech Lab  
  44  3:56  Supply Depot  
  44  4:03  Marine x2  
  44  4:09  SCV x2  
  48  4:11  Factory Tech Lab  
  48  4:14  Raven  
  50  4:17  Barracks  
  50  4:22  Barracks  
  50  4:27  SCV x2  
  52  4:33  Siege Tank  
  55  4:39  Marine x2  
  55  4:40  SCV x2  
  55  4:42  Refinery  
  59  4:47  Supply Depot  
  59  4:48  Supply Depot  
  59  4:52  SCV x2  
  60  4:55  Engineering Bay  
  61  5:04  Marine  
  61  5:05  Starport Reactor  
  62  5:09  SCV, Marine, Siege Tank  
  67  5:14  Supply Depot  
  67  5:22  SCV x2, Terran Infantry Weapons Level 1  
  67  5:23  Barracks Tech Lab  
  67  5:25  Refinery, Supply Depot  
  69  5:28  Stimpack  
  69  5:36  Marine  
  69  5:37  Marauder, Marine  
  69  5:38  SCV x2  
  69  5:42  Supply Depot  
  75  5:44  Combat Shield  
  75  5:50  SCV  
  75  5:51  SCV, Marauder  
  75  5:54  Marine  
  80  6:02  SCV, Marauder, Marine  
  84  6:04  Supply Depot  
  84  6:05  Supply Depot  
  84  6:12  SCV  
  84  6:13  Medivac x2  
  84  6:14  Marine  
  84  6:15  Marauder  
  84  6:17  SCV  
  93  6:24  SCV  
  94  6:32  Marauder, Marine  
  97  6:36  Marauder  
  97  6:39  Command Center  
  99  6:40  Supply Depot  
  99  6:44  Medivac  
  99  6:45  Medivac  
  102  6:58  SCV x2  
  102  7:01  Marauder  
  104  7:10  SCV  
  104  7:12  Barracks  
  104  7:14  Barracks  
  105  7:26  Marauder x2  
  105  7:29  Viking x2  
  113  7:31  Concussive Shells  
  113  7:47  Siege Tank  
  113  7:48  Marauder  
  118  8:03  Barracks Reactor, Barracks Tech Lab, Marauder  
  120  8:06  Orbital Command  
  120  8:09  Marauder  
  120  8:11  Marine  
  120  8:12  Marine  
  124  8:16  SCV x2  
  124  8:18  Terran Infantry Armor Level 1, Supply Depot  
  124  8:19  Supply Depot  
  126  8:22  Orbital Command, Viking x2  
  126  8:24  Marauder  
  132  8:27  Missile Turret  
  132  8:30  Marauder  
  132  8:33  Marine, Siege Tank  
  132  8:34  Marauder  
  140  8:40  SCV  
  139  8:43  Supply Depot  
  139  8:45  Supply Depot  
  139  8:46  Marauder  
  139  8:48  SCV x2  
  143  8:52  Marauder  
  143  8:54  Marine x2  
  143  8:55  Marauder  
  147  8:59  SCV  
  147  9:01  Missile Turret  
  147  9:02  Viking  
  148  9:03  Missile Turret  
  148  9:05  SCV x2  
  148  9:07  Marauder  
  148  9:09  Viking  
  153  9:10  Marine x2  
  153  9:16  Marauder, Marine x2  
  153  9:17  Orbital Command, Marauder  
  161  9:21  Supply Depot x2  
  160  9:35  Viking, Siege Tank  
  160  9:38  Marauder x2, Marine  
  164  9:39  Viking  
  164  9:42  Marine  
  164  9:43  Marauder  
  169  9:49  Marine x2  
  157  9:59  Marauder  
  161  10:00  Marauder  
  161  10:03  Supply Depot  
  161  10:05  Marine, Viking  
  161  10:06  Marauder  
  166  10:09  SCV  
  166  10:11  Marine  
  168  10:21  Marauder x2  
  152  10:22  Marine  
  152  10:27  Marauder, Marine  
  154  10:33  Marine x2  
  147  10:42  Marauder x2  
Tags
 
Add a new tag
Caveats
  • Supply blocks, unpowered buildings, or Contaminate may cause inaccurate times.
  • Supply counts are checked every 10 seconds.